 Dungeon Crawl Stone Soup version 0.28.0-47-ge53b351184 (webtiles) character file.

Game seed: 1280437734670787666

133 Zeld the Conjurer (level 4, -5/37 HPs)
             Began as a Draconian Conjurer on Apr 29, 2022.
             Was a Follower of Vehumet.
             Slain by a kobold brigand
             ... wielding a +0 dagger
              (8 damage)
             ... on level 4 of the Dungeon.
             The game lasted 00:03:42 (3100 turns).

Zeld the Conjurer (Draconian Conjurer)              Turns: 3100, Time: 00:03:43

Health: -5/37      AC:  5    Str:  9    XL:     4   Next: 93%
Magic:  4/8        EV: 12    Int: 20    God:    Vehumet [*.....]
Gold:   149        SH:  0    Dex: 10    Spells: 5/8 levels left

rFire   . . .      SeeInvis +   (no weapon)
rCold   . . .      Faith    .   (no shield)
rNeg    . . .      Spirit   .   (armour unavailable)
rPois   .          Reflect  .   (helmet restricted)
rElec   .          Harm     .   (no cloak)
rCorr   .          Rampage  .   (no gloves)
Will    .....                   (no boots)
Stlth   ++........              k - amulet of magic regeneration
HPRegen 0.12/turn               l - ring of see invisible
MPRegen 0.51/turn               (no ring)

@: no status effects
A: AC +5, unfitting armour, cold-blooded
a: Renounce Religion


You were on level 4 of the Dungeon.
You worshipped Vehumet.
Vehumet was aware of your devotion.
You visited 1 branch of the dungeon, and saw 4 of its levels.

You collected 149 gold pieces.

Inventory:

Jewellery
 k - an amulet of magic regeneration (around neck)
 l - a ring of see invisible (left hand)
Wands
 d - a wand of flame (1)
Scrolls
 c - 3 scrolls of identify {unknown}
 e - 4 scrolls of teleportation {unknown}
 f - 4 scrolls of summoning {unknown}
 h - a scroll of noise {unknown}
 m - a scroll of vulnerability {unknown}
Potions
 a - a potion of degeneration {unknown}
 b - 2 potions of lignification {unknown}
 g - 3 potions of heal wounds {unknown}
 i - a potion of haste {unknown}
 j - a potion of flight {unknown}


   Skills:
 * Level 2.3 Fighting
 + Level 2.3 Dodging
 + Level 2.3 Stealth
 * Level 2.9 Spellcasting
 * Level 4.6 Conjurations


You had 5 spell levels left.
You knew the following spells:

 Your Spells              Type           Power      Damage    Failure   Level
a - Magic Dart            Conj           84%        1d7       2%          1
b - Searing Ray           Conj           42%        2d6       3%          2

Your spell library contained the following spells:

 Spells                   Type           Power      Damage    Failure   Level
 Shock                    Conj/Air       48%        1d6       5%          1
 Dazzling Flash           Conj/Hex       24%        N/A       17%         3
 Fulminant Prism          Conj/Hex       6%         3d7       50%         4
 Iskenderun's Mystic Bla  Conj/Tloc      12%        2d5       50%         4
 Leda's Liquefaction      Hex/Erth       1%         N/A       82%         4
 Iron Shot                Conj/Erth      6%         9d2       100%        6
 Spellforged Servitor     Conj/Summ      6%         N/A       100%        7


Dungeon Overview and Level Annotations

Branches:
Dungeon (4/15)
 Temple: D:4-7

Altars:
Gozag
Makhleb
Qazlal
Sif Muna
Vehumet
Wu Jian

Shops:
D:3 *


Innate Abilities, Weirdness & Mutations

Your plain brown scales are hard. (AC +5)
You cannot fit into any form of body armour.
You are cold-blooded and may be slowed by cold attacks.


Message History

A kobold brigand is nearby!
A kobold brigand is nearby!
A kobold brigand is nearby!
Casting: Magic Dart (safe; 2% risk of failure)
Confirm with . or Enter, or press ? or * to list all spells.
Aiming: Searing Ray (safe; 3% risk of failure)
Press: ? - help, Shift-Dir - straight line, f - kobold brigand
Aim: a kobold brigand, wielding a +0 dagger, wearing a +0 ring mail and quivering curare-tipped darts (75% to hit)
The searing ray hits the kobold brigand.
The kobold brigand is lightly wounded. (Press . to maintain the ray.)
The searing ray hits the kobold brigand.
The kobold brigand is lightly wounded.
The kobold brigand hits you with a +0 dagger. x2
The searing ray misses the kobold brigand.
The kobold brigand hits you with a +0 dagger.
The searing ray hits the kobold brigand.
The kobold brigand is lightly wounded.
You finish channelling your searing ray.
The kobold brigand hits you with a +0 dagger. x2
* * * LOW HITPOINT WARNING * * *
Casting: Searing Ray (safe; 3% risk of failure)
Confirm with . or Enter, or press ? or * to list all spells.
Aiming: Searing Ray (safe; 3% risk of failure)
Press: ? - help, Shift-Dir - straight line, f/p - kobold brigand
Aim: a kobold brigand, wielding a +0 dagger, wearing a +0 ring mail and quivering curare-tipped darts (lightly wounded, 75% to hit)
The searing ray hits the kobold brigand.
The kobold brigand is moderately wounded. (Press . to maintain the ray.)
The kobold brigand hits you with a +0 dagger.
* * * LOW HITPOINT WARNING * * *
The searing ray misses the kobold brigand.
You feel yourself speed up.
The kobold brigand hits you with a +0 dagger.
* * * LOW HITPOINT WARNING * * *
The kobold brigand barely misses you.
The searing ray hits the kobold brigand.
The kobold brigand is heavily wounded.
The kobold brigand hits you with a +0 dagger!
You die...

..... 8K... .8. .K.
#.# #.# #.#
#########.###########
.......@K...........
###########.......#
#.......# #.......#
#.......###+##
#.............
#.............
#(............
######........


You could see a kobold brigand.

Vanquished Creatures
  A crimson imp (D:3)
  4 adders
  2 worms (D:3)
  A dart slug (D:1)
  7 endoplasms
  2 giant cockroaches
  5 goblins
  4 hobgoblins
  9 kobolds
  4 quokkas
  4 ball pythons
  3 bats
  2 frilled lizards
  5 rats
53 creatures vanquished.

Notes
Turn   | Place    | Note
-------+----------+-------------------------------------------
     0 | D:1      | Zeld the Draconian Conjurer began the quest for the Orb.
     0 | D:1      | Reached XP level 1. HP: 14/14 MP: 3/3
   264 | D:1      | Reached XP level 2. HP: 22/22 MP: 1/5
   363 | D:2      | Reached skill level 1 in Fighting
   410 | D:2      | Reached XP level 3. HP: 26/28 MP: 0/6
   497 | D:3      | Learned a level 2 spell: Searing Ray
   513 | D:3      | Found a radiant altar of Vehumet.
   514 | D:3      | Found a burning altar of Makhleb.
   520 | D:3      | Became a worshipper of Vehumet
   642 | D:1      | Reached XP level 4. HP: 36/36 MP: 4/7
  1957 | D:2      | Found an ornate altar of the Wu Jian Council.
  2064 | D:2      | Got the Collected Works on Attacks and Curses
  2419 | D:3      | Found an opulent altar of Gozag.
  2419 | D:3      | Found Gozag's Platinum Reserve.
  2534 | D:3      | Reached * piety under Vehumet
  2534 | D:3      | Offered knowledge of Shock by Vehumet.
  2824 | D:3      | Found a stormy altar of Qazlal.
  3003 | D:3      | Found a shimmering blue altar of Sif Muna.
  3087 | D:4      | Noticed a kobold brigand
  3100 | D:4      | Slain by a kobold brigand

Illustrated notes

Levels and vault maps discovered:
D:1:      noname_arrival_rooms_in_the_neighbourhood, layout_basic
D:2:      layout_loops_corners, basic_altar, roderic_roman_lattice,
          minmay_tree_intersection, kennysheep_donut, st_stairs_1,
          kennysheep_cross_bottleneck
D:3:      layout_rooms, grunt_temple_overflow_lords_of_destruction,
          nicolae_sif_muna_little_library, nicolae_gozag_zags_fifth_avenue,
          nicolae_qazlal_eye_of_the_storm
D:4:      layout_basic, zin_statuary, minmay_circle_x, uniq_ijyb

Skill      XL: |  1  2  3  4 |
---------------+-------------+-----
Fighting       | 1 2 |  2.3
Dodging        | 2 |  2.3
Stealth        | 2 |  2.3
Spellcasting   | |  2.9
Conjurations   | |  4.6

Action                   |  1- 3 |  4- 6 || total
-------------------------+-------+-------++-------
Melee: Unarmed           |    11 |     1 ||    12
       Tailslap          |     2 |       ||     2
 Cast: Magic Dart        |    26 |    81 ||   107
       Searing Ray       |     1 |     4 ||     5
Armor: Skin              |     4 |     3 ||     7
Dodge: Dodged            |    13 |     4 ||    17
